 Dungeon Crawl Stone Soup version 0.20.0-15-g7f486f2 (webtiles) character file.

803 renl the Cleaver (level 7, -1/61 HPs)
             Began as a Hill Orc Monk on July 1, 2017.
             Was a Believer of the Shining One.
             Slain by a centaur (7 damage)
             ... while paralysed by Grinder
             ... on level 5 of the Dungeon.
             The game lasted 00:14:51 (3579 turns).

renl the Cleaver (Hill Orc Monk)                    Turns: 3579, Time: 00:14:51

Health: -1/61      AC:  6    Str: 16    XL:     7   Next: 91%
Magic:  7/7        EV:  2    Int: 10    God:    the Shining One [**....]
Gold:   228        SH:  0    Dex: 13    Spells: 6/6 levels left

rFire    . . .     SeeInvis .   a - +4 war axe
rCold    + . .     Gourm    .   (no shield)
rNeg     + . .     Faith    +   I - +2 leather armour {rC+}
rPois    .         Spirit   .   (no helmet)
rElec    .         Reflect  .   q - +0 cloak
rCorr    .         Harm     .   (no gloves)
MR       .....                  (no boots)
Stlth    +.........             l - amulet of faith
Regen    0.2/turn               p - +3 ring of slaying
MPRegen  0.1/turn               x - ring of wizardry

@: paralysed, glowing
A: no striking features
a: Divine Shield, Renounce Religion


You were on level 5 of the Dungeon.
You worshipped the Shining One.
The Shining One was pleased with you.
You were not hungry.

You visited 1 branch of the dungeon, and saw 5 of its levels.

You collected 228 gold pieces.

Inventory:

Hand Weapons
 a - a +4 war axe (weapon)
Missiles
 v - 3 tomahawks (quivered)
Armour
 q - a +0 cloak (worn)
 E - a +0 buckler of cold resistance
 I - a +2 leather armour of cold resistance (worn)
Jewellery
 l - an amulet of faith (around neck)
 p - a +3 ring of slaying (left hand)
 w - an uncursed ring of magical power
 x - a ring of wizardry (right hand)
Wands
 B - a wand of flame (11/48)
 F - a wand of paralysis (6/24)
Scrolls
 e - 2 scrolls of remove curse {unknown}
 g - a scroll of blinking {unknown}
 h - 4 scrolls of identify {unknown}
 n - 2 scrolls of recharging {unknown}
 s - 3 scrolls of teleportation {unknown}
 y - a scroll of enchant weapon {unknown}
 z - a scroll of noise {unknown}
 A - 3 scrolls of fear {unknown}
Potions
 b - a potion of berserk rage {unknown}
 d - 3 potions of degeneration {unknown}
 i - a potion of lignification {unknown}
 j - a potion of cancellation {unknown}
 k - a potion of invisibility {unknown}
 m - 3 potions of curing {unknown}
 o - 2 potions of brilliance {unknown}
 t - 2 potions of heal wounds {unknown}
 C - 2 potions of flight {unknown}
 D - a potion of might
 G - a potion of ambrosia {unknown}
Comestibles
 c - a bread ration
 f - 3 meat rations
 r - 5 fruits
 H - 3 chunks of flesh


   Skills:
 + Level 5.4 Fighting
 * Level 9.9 Axes
 + Level 0.3 Throwing
 + Level 3.3 Armour
 - Level 2.4 Dodging
 - Level 1.5 Stealth
 + Level 0.6 Invocations


You had 6 spell levels left.
You didn't know any spells.

Dungeon Overview and Level Annotations

Branches:
Dungeon (5/15)             Temple (0/1) D:5

Altars:
Ashenzari
Cheibriados
Elyvilon
Nemelex Xobeh
Trog
Uskayaw
Yredelemnul
Zin
The Shining One

Shops:
D:4 =

Annotations:
D:5 Grinder


Message History

The centaur shoots an arrow.
The arrow hits you!
You see here an arrow.
The centaur unwields an uncursed shortbow.
The centaur hits you.
* * * LOW HITPOINT WARNING * * *
Grinder gestures at you.
You suddenly lose the ability to move!
The centaur hits you.
* * * LOW HITPOINT WARNING * * *
Grinder gestures at you. You resist with significant effort.
The centaur hits you but does no damage.
The centaur hits you.
* * * LOW HITPOINT WARNING * * *
Grinder blinks!
The centaur hits you but does no damage.
The centaur hits you.
* * * LOW HITPOINT WARNING * * *
The centaur hits you!
You die...

...# ...###. .......
.....# .....#. .....'.
###############c....#
............((@.....+
..?......).......⌠.⌠##
.....(..((.5......_...
....)...[......#+⌠.⌠##
....!............#.##
.......#######.#.#.#
....... #.#...# .
....... #.# #########
# ....... #.# #.....#
#


You could see Grinder and a centaur.

Vanquished Creatures
  Edmund (D:5)
  Duvessa (D:5)
  A phantom (D:4)
  Dowan (D:5)
  A crimson imp (D:5)
  3 hounds (D:5)
  2 orc priests (D:3)
  2 worker ants (D:4)
  A worker ant zombie (D:5)
  4 gnolls
  5 adders
  A shadow imp (D:5)
  2 oozes
  5 worms (D:2)
  A dart slug (D:2)
  2 leopard geckos
  10 orcs
  2 bats (D:2)
  2 giant cockroaches
  4 goblins
  6 hobgoblins
  7 jackals (D:3)
  7 kobolds
  4 quokkas
  8 frilled lizards
  A jackal zombie (D:5)
  5 rats
89 creatures vanquished.

Notes
Turn   | Place    | Note
-------+----------+-------------------------------------------
     0 | D:1      | renl the Hill Orc Monk began the quest for the Orb.
     0 | D:1      | Reached XP level 1. HP: 19/19 MP: 1/1
    96 | D:1      | Reached XP level 2. HP: 18/27 MP: 2/2
   754 | D:2      | Reached XP level 3. HP: 30/33 MP: 3/3
   762 | D:2      | Reached skill level 5 in Axes
   813 | D:2      | Reached XP level 4. HP: 22/41 MP: 4/4
   826 | D:2      | HP: 1/41 [gnoll/flail (5)]
  1152 | D:2      | Reached skill level 6 in Axes
  1203 | D:2      | Found a glowing silver altar of Zin.
  1204 | D:2      | Found a hide-covered altar of Uskayaw.
  1835 | D:3      | Reached skill level 1 in Armour
  1835 | D:3      | Reached XP level 5. HP: 32/47 MP: 5/5
  2032 | D:3      | Found a glowing golden altar of the Shining One.
  2079 | D:3      | Reached skill level 7 in Axes
  2100 | D:3      | Became a worshipper of the Shining One
  2100 | D:3      | Reached * piety under the Shining One
  2100 | D:3      | Reached ** piety under the Shining One
  2233 | D:3      | Found a white marble altar of Elyvilon.
  2365 | D:3      | Found a basalt altar of Yredelemnul.
  2565 | D:4      | Reached XP level 6. HP: 51/53 MP: 6/6
  2574 | D:4      | Found a snail-covered altar of Cheibriados.
  2621 | D:4      | Found a bloodstained altar of Trog.
  2716 | D:4      | Found Rewec's Jewellery Boutique.
  2732 | D:4      | Noticed a phantom
  2745 | D:4      | Killed a phantom
  2745 | D:4      | Reached skill level 8 in Axes
  2931 | D:4      | Found a shattered altar of Ashenzari.
  3139 | D:4      | Reached skill level 5 in Fighting
  3312 | D:5      | Entered Level 5 of the Dungeon
  3322 | D:5      | Reached XP level 7. HP: 54/61 MP: 7/7
  3407 | D:5      | Found a staircase to the Ecumenical Temple.
  3414 | D:5      | Reached skill level 9 in Axes
  3459 | D:5      | Found a sparkling altar of Nemelex Xobeh.
  3467 | D:5      | Noticed Duvessa
  3468 | D:5      | Noticed Dowan
  3489 | D:5      | Killed Duvessa
  3532 | D:5      | Noticed Edmund
  3542 | D:5      | Killed Edmund
  3568 | D:5      | Noticed Grinder
  3570 | D:5      | Killed Dowan
  3575 | D:5      | Paralysed by Grinder for 5 turns
  3579 | D:5      | Slain by a centaur

Skill      XL: |  1  2  3  4  5  6  7 |
---------------+----------------------+-----
Fighting       | 4 5 |  5.4
Axes           | 5 6 7 8 9 |  9.9
Armour         | 1 2 3 |  3.3
Throwing       | |  0.3
Dodging        | |  2.4
Stealth        | |  1.5
Invocations    | |  0.6

Action                   |  1- 3 |  4- 6 |  7- 9 || total
-------------------------+-------+-------+-------++-------
Melee: Hand axe          |    66 |    83 |       ||   149
       War axe           |       |    59 |    34 ||    93
Throw: Tomahawk          |       |     3 |       ||     3
Invok: Divine Shield     |       |       |     2 ||     2
 Stab: Distracted        |       |     1 |       ||     1
  Eat: Chunk             |       |     6 |     1 ||     7
       Fruit             |       |       |     2 ||     2
Armor: Robe              |     3 |       |       ||     3
       Ring mail         |    18 |     5 |       ||    23
       Scale mail        |       |    19 |    11 ||    30
       Leather armour    |       |       |     2 ||     2
Dodge: Dodged            |    36 |    55 |    15 ||   106
Block: Other             |       |       |     4 ||     4
